 Dungeon Crawl Stone Soup version 0.30-a0-691-g754fce4c43 (webtiles) character file.

Game seed: 9736076243129700470

53 b0rk the Trooper (level 3, -1/33 HPs)
             Began as a Hill Orc Fighter on Jan 20, 2023.
             Constricted to death by Ijyb (7 damage)
             ... on level 3 of the Dungeon.
             The game lasted 00:01:31 (951 turns).

b0rk the Trooper (Hill Orc Fighter)                  Turns: 951, Time: 00:01:31

Health: -1/33      AC:  7    Str: 20    XL:     3   Next: 89%
Magic:  3/3        EV:  6    Int:  8    God:
Gold:   41         SH:  4    Dex: 10    Spells: 2/2 levels left

rFire   . . .      SeeInvis .    a - +0 war axe
rCold   . . .      Faith    .    c - +0 buckler
rNeg    . . .      Spirit   .    b - +0 scale mail
rPois   .          Reflect  .    (no helmet)
rElec   .          Harm     .    (no cloak)
rCorr   .          Rampage  .    (no gloves)
Will    .....                    (no boots) Stlth
                                 (no amulet)
HPRegen 0.25/turn                (no ring)
MPRegen 0.08/turn                (no ring)

@: grasped by roots, constricted
A: no striking features
a: no special abilities


You were on level 3 of the Dungeon.
You visited 1 branch of the dungeon, and saw 3 of its levels.

You collected 41 gold pieces.


   Skills:
 + Level 4.1 Fighting
 * Level 4.0 Axes
 + Level 3.7 Armour
 + Level 3.7 Shields


You had 2 spell levels left.
You didn't know any spells.
Your spell library was empty.

Inventory:

Hand Weapons
 a - a +0 war axe (weapon)
Missiles
 e - 11 stones (quivered)
Armour
 b - a +0 scale mail (worn)
 c - a +0 buckler (worn)
Jewellery
 F - a ring of fire
   (You found it on level 3 of the Dungeon)
Scrolls
 g - 2 scrolls of fog {unknown}
 k - a scroll of immolation {unknown}
 l - a scroll of amnesia {unknown}
Potions
 d - a potion of might
 f - a potion of curing {unknown}
 h - a potion of mutation {unknown}
 i - a potion of heal wounds {unknown}
 j - a potion of ambrosia {unknown}
 m - a potion of haste {unknown}

Dungeon Overview and Level Annotations

Branches:
Dungeon (3/15) Zot: 17008

Altars:

Annotations:
D:3 Ijyb

## #.#
#.# #
#.#
#.# #
#.#
#.# #
#..
#.# #
# #.#
# #.
#.# #
#.##.#
#
#....#
#
#)#@##
# #
#g#
..#
##.#
#.#
#.#
..#
###


You could see Ijyb.


Message History

😎 HP[+2]
Your hp is fully restored (33).
You now have 41 gold pieces (gained 6).
m - a blue potion
Found a stone staircase leading down.
There is a stone staircase leading down here.
An endoplasm comes into view.
An endoplasm is nearby!
The endoplasm quivers.
The endoplasm closely misses you.
You hit the endoplasm but do no damage. The endoplasm hits you. 😕 HP[-2]
You take 2 damage, and now have 31/33 hp.
You hit the endoplasm. The endoplasm freezes you.
You are frozen. 😕 HP[-2]
You take 2 damage, and now have 29/33 hp.
You hit the endoplasm but do no damage. You block the endoplasm's attack. x2
You hit the endoplasm. The endoplasm freezes you.
You are frozen. 😕 HP[-4]
You take 4 damage, and now have 25/33 hp.
You hit the endoplasm but do no damage. The endoplasm freezes you.
You are frozen.
You slash the endoplasm!
You kill the endoplasm!
F - a ring of fire 😎 HP[+8]
Your hp is fully restored (33).
Ijyb the Twisted Goblin comes into view.
She is wielding a +0 dagger and carrying a wand of roots (6).
You aren't carrying any items that you can evoke.
You throw a stone. The stone hits Ijyb.
You throw a stone. The stone barely misses Ijyb.
You throw a stone. The stone hits Ijyb but does no damage.
Ijyb zaps a wand.
The roots erupt in riotous growth!
The grasping roots grab you!
The grasping roots constrict you. 😕 HP[-3]
You take 3 damage, and now have 30/33 hp.
You throw a stone. The stone hits Ijyb but does no damage.
The grasping roots constrict you. 😕 HP[-4]
You take 4 damage, and now have 26/33 hp.
You throw a stone. The stone hits Ijyb but does no damage.
The grasping roots constrict you.
The grasping roots release their grip on you. 😮 HP[-3]
You take 3 damage, and now have 23/33 hp.
You are too injured to fight recklessly!
Ijyb zaps a wand.
The roots erupt in riotous growth!
The grasping roots grab you!
Ijyb is unaffected.
The grasping roots constrict you.
You barely miss Ijyb. Ijyb hits you but does no damage.
The grasping roots constrict you.
* * * LOW HITPOINT WARNING * * *
Ijyb barely misses you. The grasping roots constrict you.
* * * LOW HITPOINT WARNING * * *
The grasping roots release their grip on you. 😨 HP[-10]
You take 10 damage, and now have 13/33 hp.
MASSIVE DAMAGE!! (PAUSE)
You slash Ijyb!
Ijyb hits you but does no damage. 😨 HP[+1]
You closely miss Ijyb. Ijyb hits you with a +0 dagger.
* * * LOW HITPOINT WARNING * * *
😨 HP[-1]
You take 1 damage, and now have 13/33 hp.
You hit Ijyb.
Ijyb screams, "Get away!"
Ijyb hits you with a +0 dagger.
* * * LOW HITPOINT WARNING * * *
Ijyb closely misses you. 😨 HP[-1]
You take 1 damage, and now have 12/33 hp.
You miss Ijyb. You block Ijyb's attack. 😨 HP[+1]
You hit Ijyb. Ijyb hits you with a +0 dagger.
* * * LOW HITPOINT WARNING * * *
😨 HP[-1]
You take 1 damage, and now have 12/33 hp.
You hit Ijyb.
Ijyb zaps a wand.
The roots erupt in riotous growth!
The grasping roots grab you!
Ijyb is unaffected.
The grasping roots constrict you.
* * * LOW HITPOINT WARNING * * *
Ijyb hits you but does no damage. The grasping roots constrict you.
You slash Ijyb! Ijyb hits you but does no damage.
The grasping roots constrict you.
* * * LOW HITPOINT WARNING * * *
😱 HP[-6]
You take 6 damage, and now have 6/33 hp.
You closely miss Ijyb. Ijyb barely misses you.
The grasping roots constrict you!
You die...

Skill      XL: |  1  2  3 |
---------------+----------+-----
Axes           | 3 4 |  4.0
Fighting       | 4 |  4.1
Armour         | |  3.7
Shields        | |  3.7

Action                   || total
-------------------------++-------
Melee: War axe           ||   103
Throw: Stone             ||     5
Armor: Scale mail        ||    48
Dodge: Dodged            ||    54
Block: Buckler           ||    29

Levels and vault maps discovered:
D:1:      psy_arrival_whirlpool, layout_loops_ring, dk_noncrumbling_2,
          minmay_misc_feat_doors
D:2:      layout_loops_corners, basic_ecumenical_altar, grunt_ministairs_1,
          minmay_distorted, uniq_natasha
D:3:      layout_loops_ring, mainiacjoe_overflow_catch_the_wave,
          minmay_fractal_squares_diagonal_5, uniq_ijyb

Notes
Turn   | Place    | Note
-------+----------+-------------------------------------------
     0 | D:1      | b0rk the Hill Orc Fighter began the quest for the Orb.
     0 | D:1      | Reached XP level 1. HP: 19/19 MP: 1/1
     0 | D:1      | magus.rc [v1.11.4]
    45 | D:1      | Reached skill level 3 in Axes
    46 | D:1      | Reached XP level 2. HP: 27/27 MP: 2/2
   228 | D:1      | You fall into a shaft and drop 1 floor!
   320 | D:2      | Reached XP level 3. HP: 29/33 MP: 3/3
   395 | D:2      | Reached skill level 4 in Fighting
   761 | D:3      | Reached skill level 4 in Axes
   936 | D:3      | Noticed Ijyb
   949 | D:3      | HP: 7/33 [constriction (5)]
   951 | D:3      | Constricted to death by Ijyb

Vanquished Creatures
  An adder (D:3)
  2 dart slugs (D:1)
  A ball python (D:1)
  4 endoplasms
  3 giant cockroaches
  5 goblins
  6 hobgoblins
  3 jackals (D:2)
  3 quokkas
  A bat (D:1)
  2 frilled lizards (D:2)
  A kobold (D:2)
  2 rats
34 creatures vanquished.

Table legend:
 A = Non-vault XP
 B = Vault XP
 C = Vault XP percentage of total XP
 D = Non-vault monster count
 E = Vault monster count
 F = Vault count percentage of total count
                 A         B        C        D         E       F
            +---------+---------+-------+---------+---------+-------
      Total |      73 |       4 |   5.2 |      31 |       3 |   8.8
            +---------+---------+-------+---------+---------+-------
        D:1 |      27 |       0 |   0.0 |      13 |       0 |   0.0
        D:2 |      30 |       4 |  11.8 |      16 |       3 |  15.8
        D:3 |      16 |       0 |   0.0 |       2 |       0 |   0.0
            +---------+---------+-------+---------+---------+-------

Illustrated notes

Table legend:
 A = Kills in this place as a percentage of kills in entire the game.
 B = Kills by you in this place as a percentage of kills by you in the entire game.
 C = Kills by friends in this place as a percentage of kills by friends in the entire game.
 D = Other kills in this place as a percentage of other kills in the entire game.
 E = Experience gained in this place as a percentage of experience gained in the entire game.
 F = Experience gained in this place divided by the number of levels of this place that you have seen.
                   A       B       C       D       E      F
               +-------+-------+-------+-------+-------+----------------------
         Total | 100.0 | 100.0 |   N/A |   N/A | 100.0 |  25.7
       Dungeon | 100.0 | 100.0 |   N/A |   N/A | 100.0 |  25.7
               +-------+-------+-------+-------+-------+----------------------

Table legend: (Time is in decaauts)
 A = Elapsed time spent in this place.
 B = Non-inter-level travel time spent in this place.
 C = Inter-level travel time spent in this place.
 D = Time resting spent in this place.
 E = Time spent auto-exploring this place.
 F = Levels seen in this place.
 G = Mean time per level.
                   A        B        C        D        E       F      G
               +--------+--------+--------+--------+--------+-----+--------+
         Total |    990 |    951 |     39 |      0 |    707 |   3 |  330.0 |
       Dungeon |    990 |    951 |     39 |      0 |    707 |   3 |  330.0 |
               +--------+--------+--------+--------+--------+-----+--------+

Top non-repeatable levels by time:
     D:2: 543 daAuts
     D:1: 241 daAuts
     D:3: 205 daAuts
